 Dungeon Crawl Stone Soup version 0.23.2 (webtiles) character file.

Game seed: 4782924469445421792

245 Borgoz the Cutter (level 6, 0/37 HPs)
             Began as a Kobold Gladiator on Apr 11, 2019.
             Succumbed to a worker ant's poison
             ... on level 4 of the Dungeon.
             The game lasted 00:05:31 (3343 turns).

Borgoz the Cutter (Kobold Gladiator)                Turns: 3343, Time: 00:05:32

Health: 0/37       AC: 10    Str: 11    XL:     6   Next: 32%
Magic:  6/6        EV:  9    Int:  9    God:
Gold:   163        SH:  0    Dex: 19    Spells: 5/5 levels left

rFire    . . .     SeeInvis .   a - +0 rapier
rCold    . . .     Gourm    .   (shield restricted)
rNeg     . . .     Faith    .   i - +0 chain mail
rPois    .         Spirit   .   c - +0 helmet
rElec    .         Reflect  .   w - +0 cloak
rCorr    +         Harm     .   (no gloves)
MR       .....                  (no boots)
Stlth    ..........             (no amulet)
HPRegen  0.12/turn              h - ring of resist corrosion
MPRegen  0.10/turn              (no ring)

@: lethally poisoned (0 -> -3), about to teleport
A: small, carnivore
a: no special abilities


You were on level 4 of the Dungeon.
You were completely stuffed.

You visited 1 branch of the dungeon, and saw 4 of its levels.

You collected 163 gold pieces.

Inventory:

Hand Weapons
 a - a +0 rapier (weapon)
Armour
 c - a +0 helmet (worn)
 i - a +0 chain mail (worn)
 w - a +0 cloak (worn)
Jewellery
 h - a ring of resist corrosion (left hand)
Wands
 k - a wand of polymorph (2)
 l - a wand of acid (10)
 m - a wand of paralysis (11)
 s - a wand of random effects (20)
Scrolls
 b - 3 scrolls of identify {unknown}
 e - 3 scrolls of remove curse {unknown}
 j - 3 scrolls of teleportation {unknown}
 n - 4 scrolls of fear {unknown}
 p - a scroll of magic mapping {unknown}
 q - a scroll of amnesia {unknown}
 r - a scroll of fog {unknown}
 u - a scroll of blinking {unknown}
Comestibles
 f - 10 rations
 x - 2 chunks of flesh


   Skills:
 + Level 3.4 Fighting
 + Level 5.2 Short Blades
 - Level 2.1 Throwing
 + Level 2.0 Armour
 + Level 4.8 Dodging
 + Level 3.5 Stealth


You had 5 spell levels left.
You didn't know any spells.
Your spell library contained the following spells:

 Spells                   Type           Power        Failure   Level  Hunger
 Beastly Appendage        Tmut           #.....       100%        1    ##.....
 Sticks to Snakes         Tmut           #.......     100%        2    ###....
 Spider Form              Tmut/Pois      #.........   100%        3    ####...
 Ice Form                 Ice/Tmut       #.......     100%        4    #####..
 Blade Hands              Tmut           #.........   100%        5    ######.


Dungeon Overview and Level Annotations

Branches:
Dungeon (4/15)
 Temple: D:4-7

Altars:
Cheibriados
Uskayaw


Innate Abilities, Weirdness & Mutations

You are small and have problems with some larger weapons.
You are carnivorous and can eat meat at any time.


Message History

You feel sick. The gnoll hits you but does no damage.
You hit the gnoll.
The gnoll is severely wounded.
The gnoll barely misses you.
You hit the gnoll.
You kill the gnoll!
Your Armour skill increases to level 2!
* * * LOW HITPOINT WARNING * * *
You feel sick.
Things that are here:
a +0 spear; a +0 shield
Things that are here:
a +0 spear; a +0 shield There isn't anything to butcher here.
You aren't carrying any potions.
Okay, then.
Aiming: Random Effects
Press: ? - help, Shift-Dir - straight line, f - you You feel strangely unstable.
You die...

#..##.... ...#.....
#..##..# #..#.....
#..##..# #..#.....
#......# #..#..... #
#.[....# #.##.....
#.#.##..##..#####.####.##
....................)..#
.##.##..########.#######
# #..@........#
##.########## #.# #.. ###


There were no monsters in sight!

Vanquished Creatures
  An iguana (D:4)
  2 worker ants (D:4)
  4 gnolls
  5 adders
  An ooze (D:2)
  A worm (D:2)
  2 dart slugs
  2 leopard geckos
  8 orcs
  4 bats
  3 giant cockroaches
  6 goblins
  5 hobgoblins
  6 jackals (D:1)
  4 frilled lizards (D:2)
  7 kobolds
  6 rats
67 creatures vanquished.

Notes
Turn   | Place    | Note
-------+----------+-------------------------------------------
     0 | D:1      | Borgoz the Kobold Gladiator began the quest for the Orb.
     0 | D:1      | Reached XP level 1. HP: 12/12 MP: 1/1
    77 | D:1      | Reached XP level 2. HP: 6/18 MP: 2/2
   334 | D:1      | Reached skill level 1 in Stealth
   704 | D:1      | Reached XP level 3. HP: 20/22 MP: 3/3
   948 | D:2      | Reached skill level 1 in Armour
   948 | D:2      | Reached XP level 4. HP: 23/27 MP: 4/4
  1047 | D:2      | Found a snail-covered altar of Cheibriados.
  1652 | D:3      | Found a hide-covered altar of Uskayaw.
  1739 | D:3      | Reached XP level 5. HP: 28/32 MP: 5/5
  2962 | D:4      | Reached skill level 5 in Short Blades
  3332 | D:4      | Reached XP level 6. HP: 10/37 MP: 6/6
  3337 | D:4      | HP: 1/37 [poisoned by a worker ant]
  3343 | D:4      | Succumbed to a worker ant's poison

Skill      XL: |  1  2  3  4  5  6 |
---------------+-------------------+-----
Stealth        | 1 2 3 |  3.5
Dodging        | 4 |  4.8
Armour         | 1 2 |  2.0
Fighting       | 3 |  3.4
Short Blades   | 5 |  5.2
Throwing       | |  2.1

Action                   |  1- 3 |  4- 6 || total
-------------------------+-------+-------++-------
Melee: Rapier            |    97 |   175 ||   272
Throw: Throwing net      |     3 |     4 ||     7
Evoke: Wand              |       |     1 ||     1
  Use: Potion            |       |     5 ||     5
 Stab: Held in net/web   |     2 |     1 ||     3
  Eat: Chunk             |     9 |     7 ||    16
Armor: Leather armour    |    18 |       ||    18
       Chain mail        |    29 |    80 ||   109
       Skin              |       |     2 ||     2
Dodge: Dodged            |    75 |    93 ||   168
